Map: Cyber Forest LE

Players

uThermal - Winner!

  • Race: Terran Terran
  • Spawn Location: 11:00

ZipperTheFly

  • Race: Terran Terran
  • Spawn Location: 5:00

Event: 2019 WCS Summer

VOD

Have the link to the VOD?

Description

Time

  • Played on: July 12, 2019, 6:19 a.m.
  • Length: 4:29

All games in this series

Show
View Real Time Build Order
Export as new Build Order

uThermal Terran - Winner!

Build Orders:  

Get SALT Encoding   

  12  0:01  SCV  
  13  0:13  SCV  
  14  0:17  Supply Depot  
  14  0:25  SCV  
  14  0:27  Refinery  
  15  0:38  SCV  
  16  0:44  Barracks  
  16  0:50  SCV  
  16  0:55  Refinery  
  17  1:03  SCV  
  18  1:15  SCV  
  19  1:31  Orbital Command, Reaper  
  20  1:35  Factory  
  20  1:44  Supply Depot  
  20  1:56  SCV  
  21  2:03  Reaper  
  22  2:09  SCV  
  23  2:18  Hellion  
  25  2:27  Command Center  
  25  2:31  SCV  
  25  2:36  Barracks Reactor  
  26  2:40  Hellion  
  28  2:45  Starport  
  28  2:51  Supply Depot  
  28  2:53  SCV  
  29  3:01  Factory Tech Lab  
  29  3:05  SCV  
  30  3:13  Marine x2  
  30  3:18  SCV  
  33  3:21  Siege Tank, Medivac  
  38  3:31  Marine  
  39  3:38  Orbital Command, Marine, SCV  
  41  3:43  Refinery  
  41  3:49  Marine  
  41  3:50  SCV  
  43  3:56  Marine  
  43  4:01  Factory Tech Lab  
  44  4:03  SCV  
  44  4:04  SCV  
  44  4:09  Supply Depot  
  48  4:10  Marine  
  48  4:15  SCV  
  48  4:16  SCV  
Show
View Real Time Build Order
Export as new Build Order

ZipperTheFly Terran 

Build Orders:  

Get SALT Encoding   

  12  0:00  SCV  
  13  0:12  SCV  
  14  0:16  Supply Depot  
  14  0:26  SCV  
  15  0:31  Refinery  
  15  0:38  SCV  
  16  0:45  Barracks  
  16  0:50  SCV  
  16  0:55  Refinery  
  17  1:02  SCV  
  18  1:15  SCV  
  19  1:32  Orbital Command  
  19  1:36  Reaper  
  20  1:45  Supply Depot  
  20  1:52  Factory  
  20  1:58  SCV  
  21  2:09  Reaper  
  21  2:10  SCV  
  23  2:22  SCV  
  24  2:34  SCV  
  24  2:36  Hellion  
  27  2:45  Command Center  
  27  2:46  SCV, Reaper  
  30  2:58  SCV, Starport  
  30  3:10  SCV  
  31  3:16  Supply Depot  
  31  3:20  Barracks Reactor  
  31  3:31  Refinery  
  31  3:36  Starport Tech Lab  
  31  3:38  SCV, Hellion  
  34  3:50  SCV  
  37  3:58  Orbital Command  
  37  3:59  Marine x2  
  37  4:00  Factory Tech Lab  
  37  4:02  SCV  
  40  4:14  SCV  
Tags
 
Add a new tag
Caveats
  • Supply blocks, unpowered buildings, or Contaminate may cause inaccurate times.
  • Supply counts are checked every 10 seconds.